| TOP OF THE 1ST |
|
Cedar Rapids Kernels batting - Pitching for Charleston RiverDogs : RHP Bobby Kosmicki
|
|
Pitching: RHP Bobby Kosmicki
|
|
|
Batting: RHB Tim Carter
|
0-0: Called Strike 0-1: Called Strike 0-2: Strikes out swinging
|
|
Batting: RHB Kevin Harris
|
0-0: Fly out, F9 (Flyball, 9LM, EV 101.2 MPH)
|
|
Batting: RHB Jose Almonte
|
0-0: Called Strike 0-1: Foul Ball, location: 2F 0-2: Strikes out swinging
|
| Top of the 1st over - 0 runs, 0 hits, 0 errors, 0 left on base; Cedar Rapids 0 - Charleston 0 |
| BOTTOM OF THE 1ST |
|
Charleston RiverDogs batting - Pitching for Cedar Rapids Kernels : RHP Alex Grado
|
|
Pitching: RHP Alex Grado
|
|
|
Batting: LHB Ernesto Abreu
|
0-0: Called Strike 0-1: Foul Ball, location: 2F 0-2: Ball 1-2: Ball 2-2: Foul Ball, location: 2F 2-2: Foul Ball, location: 2F 2-2: Strikes out swinging
|
|
Batting: LHB Joe Vida
|
0-0: Ball 1-0: Ball 2-0: Reached on error, E3 (Groundball, 34S, EV 88.1 MPH)
|
|
Batting: LHB Marc Durgin
|
0-0: Ball 1-0: Ball 2-0: Ball 3-0: Called Strike 3-1: Base on Balls Joe Vida to second
|
|
Batting: RHB Iften Olujimi
|
0-0: Ball 1-0: Ball 2-0: Fly out, F6 (Flyball, 6MD, EV 89.4 MPH)
|
|
Batting: RHB Francisco Vargas
|
0-0: Ball 1-0: Called Strike 1-1: Foul Ball, location: 2F 1-2: Ground out 3-1 (Groundball, 34, EV 90.0 MPH)
|
| Bottom of the 1st over - 0 runs, 0 hits, 1 error, 2 left on base; Cedar Rapids 0 - Charleston 0 |
| TOP OF THE 2ND |
|
Cedar Rapids Kernels batting - Pitching for Charleston RiverDogs : RHP Bobby Kosmicki
|
|
Batting: RHB Mike Buchanan
|
0-0: Swinging Strike 0-1: Ball 1-1: Foul Ball, location: 2F 1-2: Foul Ball, location: 2F 1-2: Foul Ball, location: 2F 1-2: Foul Ball, location: 2F 1-2: Ball 2-2: Ball 3-2: Ground out 4-3 (Groundball, 4S, EV 90.6 MPH)
|
|
Batting: RHB Nick Phipps
|
0-0: TRIPLE (Flyball, 89XD, EV 108.1 MPH)
|
|
Batting: RHB Ruben Serrata
|
0-0: Ball 1-0: Ball 2-0: Called Strike 2-1: Fly out, F8 (Flyball, 8RD, EV 101.9 MPH) Runner from 3rd tags up, OUT at HOME! 8-2
|
| Top of the 2nd over - 0 runs, 1 hit, 0 errors, 0 left on base; Cedar Rapids 0 - Charleston 0 |
| BOTTOM OF THE 2ND |
|
Charleston RiverDogs batting - Pitching for Cedar Rapids Kernels : RHP Alex Grado
|
|
Batting: RHB Jeff McClellan
|
0-0: Ground out 4-3 (Groundball, 4, EV 108.1 MPH)
|
|
Batting: RHB Nate Singleton
|
0-0: Called Strike 0-1: Called Strike 0-2: Ball 1-2: Ball 2-2: Strikes out looking
|
|
Batting: RHB Michael Patterson
|
0-0: Foul Ball, location: 2F 0-1: Foul Ball, location: 2F 0-2: Ball 1-2: Ball 2-2: Foul Ball, location: 2F 2-2: Ground out 4-3 (Groundball, 34, EV 98.1 MPH)
|
| Bottom of the 2nd over - 0 runs, 0 hits, 0 errors, 0 left on base; Cedar Rapids 0 - Charleston 0 |
| TOP OF THE 3RD |
|
Cedar Rapids Kernels batting - Pitching for Charleston RiverDogs : RHP Bobby Kosmicki
|
|
Batting: RHB Jose Gracia
|
0-0: Foul Ball, location: 2F 0-1: Foul Ball, location: 2F 0-2: Ball 1-2: Foul Ball, location: 2F 1-2: Foul Ball, location: 2F 1-2: Foul Ball, location: 2F 1-2: Ground out 1-3 (Groundball, 34S, EV 70.6 MPH)
|
|
Batting: RHB Jeremy Witt
|
0-0: Ball 1-0: Ball 2-0: Ball 3-0: Base on Balls
|
|
Batting: SHB Chris Hull
|
0-0: Grounds into double play, 3-6-3 (Groundball, 3, EV 80.6 MPH)
|
| Top of the 3rd over - 0 runs, 0 hits, 0 errors, 0 left on base; Cedar Rapids 0 - Charleston 0 |
| BOTTOM OF THE 3RD |
|
Charleston RiverDogs batting - Pitching for Cedar Rapids Kernels : RHP Alex Grado
|
|
Batting: RHB Louwe Starmans
|
0-0: Called Strike 0-1: Ball 1-1: Ground out 6-3 (Groundball, 6, EV 101.2 MPH)
|
|
Batting: LHB Ernesto Abreu
|
0-0: Ball 1-0: Foul Ball, location: 2F 1-1: Foul Ball, location: 2F 1-2: Ball 2-2: Foul Ball, location: 2F 2-2: Foul Ball, location: 2F 2-2: Ball 3-2: Fly out, F7 (Line Drive, 7S, EV 94.4 MPH)
|
|
Batting: LHB Joe Vida
|
0-0: SINGLE (Groundball, 6M, EV 81.9 MPH) (infield hit)
|
|
Batting: LHB Marc Durgin
|
0-0: Ball 1-0: Ground out U3 (Groundball, 3, EV 79.4 MPH)
|
| Bottom of the 3rd over - 0 runs, 1 hit, 0 errors, 1 left on base; Cedar Rapids 0 - Charleston 0 |
| TOP OF THE 4TH |
|
Cedar Rapids Kernels batting - Pitching for Charleston RiverDogs : RHP Bobby Kosmicki
|
|
Batting: RHB Tim Carter
|
0-0: Ball 1-0: Ball 2-0: Ball 3-0: Called Strike 3-1: Called Strike 3-2: Reached on error, E4 (Groundball, 4S, EV 93.1 MPH)
|
|
Batting: RHB Kevin Harris
|
0-0: Called Strike 0-1: SINGLE (Groundball, 56D, EV 103.1 MPH) Tim Carter to third
|
|
Batting: RHB Jose Almonte
|
0-0: Foul Ball, location: 2F 0-1: Ball 1-1: Foul Ball, location: 2F 1-2: Strikes out swinging
|
|
Batting: RHB Mike Buchanan
|
0-0: Ball 1-0: SINGLE (Groundball, 34D, EV 101.2 MPH) Tim Carter scores Kevin Harris to second Runner from 2nd tries for 3rd, SAFE, throw by RF made to third
|
|
Batting: RHB Nick Phipps
|
0-0: Ball 1-0: Called Strike 1-1: Swinging Strike 1-2: Strikes out looking
|
|
Batting: RHB Ruben Serrata
|
0-0: Called Strike 0-1: Fly out, F4 (Line Drive, 4, EV 71.9 MPH)
|
| Top of the 4th over - 1 run, 2 hits, 1 error, 2 left on base; Cedar Rapids 1 - Charleston 0 |
| BOTTOM OF THE 4TH |
|
Charleston RiverDogs batting - Pitching for Cedar Rapids Kernels : RHP Alex Grado
|
|
Batting: RHB Iften Olujimi
|
0-0: Ball 1-0: Ball 2-0: Ball 3-0: Base on Balls
|
|
Batting: RHB Francisco Vargas
|
0-0: DOUBLE (Groundball, 5L, EV 108.8 MPH) Iften Olujimi to third
|
|
Batting: RHB Jeff McClellan
|
0-0: Ground out U3 (Groundball, 34, EV 82.5 MPH) Iften Olujimi scores Francisco Vargas to third
|
|
Batting: RHB Nate Singleton
|
0-0: Ball 1-0: Ground out 1-3 (Groundball, 25, EV 71.2 MPH)
|
|
Batting: RHB Michael Patterson
|
0-0: Swinging Strike 0-1: Called Strike 0-2: Ball 1-2: Ball 2-2: Ball 3-2: Strikes out swinging
|
| Bottom of the 4th over - 1 run, 1 hit, 0 errors, 1 left on base; Cedar Rapids 1 - Charleston 1 |
| TOP OF THE 5TH |
|
Cedar Rapids Kernels batting - Pitching for Charleston RiverDogs : RHP Bobby Kosmicki
|
|
Batting: RHB Jose Gracia
|
0-0: Ball 1-0: Ball 2-0: Called Strike 2-1: Fly out, F8 (Flyball, 8RXD, EV 102.5 MPH)
|
|
Batting: RHB Jeremy Witt
|
0-0: Ball 1-0: Ball 2-0: Called Strike 2-1: Foul Ball, location: 2F 2-2: Strikes out swinging
|
|
Batting: SHB Chris Hull
|
0-0: Ball 1-0: Ground out 4-3 (Groundball, 4, EV 80.6 MPH)
|
| Top of the 5th over - 0 runs, 0 hits, 0 errors, 0 left on base; Cedar Rapids 1 - Charleston 1 |
| BOTTOM OF THE 5TH |
|
Charleston RiverDogs batting - Pitching for Cedar Rapids Kernels : RHP Alex Grado
|
|
Batting: RHB Louwe Starmans
|
0-0: Ball 1-0: Ball 2-0: Swinging Strike 2-1: Foul Ball, location: 2F 2-2: Ground out 6-3 (Groundball, 6, EV 96.9 MPH)
|
|
Batting: LHB Ernesto Abreu
|
0-0: Ball 1-0: Swinging Strike 1-1: Hit by Pitch
|
|
Batting: LHB Joe Vida
|
0-0: Ball 1-0: Fielders Choice at 2nd, 6-4 (Groundball, 6, EV 80.0 MPH)
|
|
Batting: LHB Marc Durgin
|
0-0: Ball 1-0: Swinging Strike 1-1: Ball 2-1: SINGLE (Groundball, 6S, EV 66.9 MPH) (infield hit) Joe Vida to second
|
|
Batting: RHB Iften Olujimi
|
0-0: Ball 1-0: Ball 2-0: Called Strike 2-1: Ball 3-1: Base on Balls Joe Vida to third Marc Durgin to second
|
|
Batting: RHB Francisco Vargas
|
0-0: Ball 1-0: Called Strike 1-1: Foul Ball, location: 2F 1-2: Strikes out swinging
|
| Bottom of the 5th over - 0 runs, 1 hit, 0 errors, 3 left on base; Cedar Rapids 1 - Charleston 1 |
| TOP OF THE 6TH |
|
Cedar Rapids Kernels batting - Pitching for Charleston RiverDogs : RHP Bobby Kosmicki
|
|
Batting: RHB Tim Carter
|
0-0: Called Strike 0-1: Ball 1-1: Called Strike 1-2: Ground out 1-3 (Groundball, 15, EV 67.5 MPH)
|
|
Batting: RHB Kevin Harris
|
0-0: Ball 1-0: Called Strike 1-1: SINGLE (Line Drive, 8LS, EV 92.5 MPH)
|
|
Batting: RHB Jose Almonte
|
0-0: Swinging Strike 0-1: Ball 1-1: SINGLE (Flyball, 3D, EV 99.4 MPH) Kevin Harris to second
|
|
Batting: RHB Mike Buchanan
|
0-0: Ball 1-0: Ball 2-0: Ball 3-0: Base on Balls Kevin Harris to third Jose Almonte to second
|
|
Batting: RHB Nick Phipps
|
0-0: Called Strike 0-1: Ball 1-1: Foul Ball, location: 2F 1-2: Ball Wild Pitch! Kevin Harris scores Jose Almonte to third Mike Buchanan to second 2-2: Ball 3-2: Strikes out swinging
|
|
Batting: RHB Ruben Serrata
|
0-0: Foul Ball, location: 2F 0-1: Ball 1-1: Ground out 5-3 (Groundball, 56, EV 78.8 MPH)
|
| Top of the 6th over - 1 run, 2 hits, 0 errors, 2 left on base; Cedar Rapids 2 - Charleston 1 |
| BOTTOM OF THE 6TH |
|
Charleston RiverDogs batting - Pitching for Cedar Rapids Kernels : RHP Alex Grado
|
|
Pitching: RHP Dean Huch
|
|
|
Batting: RHB Jeff McClellan
|
0-0: Foul Ball, location: 2F 0-1: Foul Ball, location: 2F 0-2: SINGLE (Groundball, 6MD, EV 100.6 MPH)
|
|
Batting: RHB Nate Singleton
|
0-0: Ball 1-0: Foul Ball, location: 2F 1-1: Ball 2-1: Fielders Choice at 2nd, 6-4 (Groundball, 6M, EV 87.5 MPH)
|
|
Pinch Hitting: LHB Andrew Davis
|
0-0: Ball 1-0: Fly out, F3 (Popup, 34, EV 70.6 MPH)
|
|
Pinch Hitting: RHB Mike Zern
|
0-0: Swinging Strike 0-1: SINGLE (Groundball, 56D, EV 99.4 MPH) Nate Singleton to second
|
|
Batting: LHB Ernesto Abreu
|
0-0: Ball 1-0: Foul Ball, location: 2F 1-1: Ball 2-1: SINGLE (Flyball, 6D, EV 88.8 MPH) Nate Singleton to third Mike Zern to second
|
|
Batting: LHB Joe Vida
|
0-0: Ball 1-0: Foul Ball, location: 2F 1-1: Foul Ball, location: 2F 1-2: Ball 2-2: Fielders Choice at 2nd, 6-4 (Groundball, 6, EV 82.5 MPH)
|
| Bottom of the 6th over - 0 runs, 3 hits, 0 errors, 3 left on base; Cedar Rapids 2 - Charleston 1 |
| TOP OF THE 7TH |
|
Cedar Rapids Kernels batting - Pitching for Charleston RiverDogs : RHP Bobby Kosmicki
|
|
Pitching: RHP Willie Perez
|
|
|
Now at 1B: Mike Zern
|
|
|
Now at 2B: Andrew Davis
|
|
|
Now at 3B: Iften Olujimi
|
|
|
Batting: RHB Jose Gracia
|
0-0: Ground out 4-3 (Groundball, 4, EV 83.1 MPH)
|
|
Batting: RHB Jeremy Witt
|
0-0: SINGLE (Groundball, 3D, EV 102.5 MPH)
|
|
Batting: SHB Chris Hull
|
0-0: Ball 1-0: Foul Ball, location: 2F 1-1: Called Strike 1-2: Ball 2-2: Ball 3-2: Strikes out looking
|
|
Batting: RHB Tim Carter
|
0-0: Ball 1-0: Ball Jeremy Witt steals 2nd base 2-0: Called Strike 2-1: Swinging Strike 2-2: Ground out 4-3 (Groundball, 34, EV 98.1 MPH)
|
| Top of the 7th over - 0 runs, 1 hit, 0 errors, 1 left on base; Cedar Rapids 2 - Charleston 1 |
| BOTTOM OF THE 7TH |
|
Charleston RiverDogs batting - Pitching for Cedar Rapids Kernels : RHP Dean Huch
|
|
Batting: LHB Marc Durgin
|
0-0: Ball 1-0: Ball 2-0: Ball 3-0: Called Strike 3-1: Foul Ball, location: 2F 3-2: SINGLE (Groundball, 5S, EV 66.2 MPH) (infield hit)
|
|
Pinch Hitting: LHB Jeremiah Walker
|
0-0: Called Strike Marc Durgin steals 2nd base 0-1: Ball 1-1: Ball Wild Pitch! Marc Durgin to third 2-1: Ball 3-1: Foul Ball, location: 2F 3-2: Base on Balls
|
|
Batting: RHB Francisco Vargas
|
0-0: Called Strike 0-1: Ground out 3-1 (Groundball, 3, EV 104.4 MPH) Jeremiah Walker to second
|
|
Pitching: RHP Danny Lucero
|
|
|
Batting: RHB Jeff McClellan
|
0-0: Ball 1-0: Called Strike 1-1: Foul Ball, location: 2F 1-2: Foul Ball, location: 2F 1-2: Foul Ball, location: 2F 1-2: Ball 2-2: Ball Wild Pitch! Marc Durgin scores Jeremiah Walker to third 3-2: Base on Balls
|
|
Batting: RHB Nate Singleton
|
0-0: Ball 1-0: Fly out, F5 (Popup, 5, EV 62.5 MPH)
|
|
Batting: LHB Andrew Davis
|
0-0: Foul Ball, location: 2F 0-1: Swinging Strike 0-2: Strikes out looking
|
| Bottom of the 7th over - 1 run, 1 hit, 0 errors, 2 left on base; Cedar Rapids 2 - Charleston 2 |
| TOP OF THE 8TH |
|
Cedar Rapids Kernels batting - Pitching for Charleston RiverDogs : RHP Willie Perez
|
|
Now at 3B: Gonçalo Burhil
|
|
|
Batting: RHB Kevin Harris
|
0-0: Ball 1-0: Ground out 5-3 (Groundball, 56S, EV 83.8 MPH)
|
|
Batting: RHB Jose Almonte
|
0-0: Called Strike 0-1: Ball 1-1: Ball 2-1: SINGLE (Flyball, 8RS, EV 95.6 MPH) - OUT at second base trying to stretch hit.
|
|
Batting: RHB Mike Buchanan
|
0-0: Ball 1-0: Foul Ball, location: 2F 1-1: Foul Ball, location: 2F 1-2: Strikes out swinging
|
| Top of the 8th over - 0 runs, 1 hit, 0 errors, 0 left on base; Cedar Rapids 2 - Charleston 2 |
| BOTTOM OF THE 8TH |
|
Charleston RiverDogs batting - Pitching for Cedar Rapids Kernels : RHP Danny Lucero
|
|
Batting: RHB Mike Zern
|
0-0: Called Strike 0-1: Ball 1-1: Ball 2-1: Ball 3-1: Base on Balls
|
|
Batting: LHB Ernesto Abreu
|
0-0: Called Strike 0-1: Called Strike 0-2: Strikes out looking
|
|
Batting: LHB Joe Vida
|
0-0: Ball 1-0: Fly out, F3 (Popup, 34S, EV 76.2 MPH)
|
|
Batting: LHB Marc Durgin
|
0-0: Swinging Strike 0-1: Ball 1-1: Foul Ball, location: 2F 1-2: Ball 2-2: Strikes out swinging
|
| Bottom of the 8th over - 0 runs, 0 hits, 0 errors, 1 left on base; Cedar Rapids 2 - Charleston 2 |
| TOP OF THE 9TH |
|
Cedar Rapids Kernels batting - Pitching for Charleston RiverDogs : RHP Willie Perez
|
|
Pitching: RHP Greg Ritchie
|
|
|
Batting: RHB Nick Phipps
|
0-0: Ball 1-0: Swinging Strike 1-1: Reached on error, E6 (Groundball, 6, EV 83.1 MPH)
|
|
Batting: RHB Ruben Serrata
|
0-0: Called Strike 0-1: Swinging Strike 0-2: Ball 1-2: Foul Ball, location: 2F 1-2: Foul Ball, location: 2F 1-2: Strikes out looking
|
|
Batting: RHB Jose Gracia
|
0-0: Called Strike 0-1: Ball 1-1: Swinging Strike 1-2: Ball 2-2: Foul Ball, location: 2F 2-2: Foul Ball, location: 2F 2-2: Ball 3-2: Ground out U3 (Groundball, 34, EV 76.2 MPH) Nick Phipps to third
|
|
Pinch Hitting: LHB Tomas Espino
|
0-0: Intentional Walk
|
|
Batting: SHB Chris Hull
|
0-0: Ball 1-0: Called Strike 1-1: Ball 2-1: Foul Ball, location: 2F 2-2: Fly out, F8 (Flyball, 8RXD, EV 86.2 MPH)
|
| Top of the 9th over - 0 runs, 0 hits, 1 error, 2 left on base; Cedar Rapids 2 - Charleston 2 |
| BOTTOM OF THE 9TH |
|
Charleston RiverDogs batting - Pitching for Cedar Rapids Kernels : RHP Danny Lucero
|
|
Pitching: RHP Pat Adams
|
|
|
Now at 1B: Tomas Espino
|
|
|
Now at 3B: Kevin Harris
|
|
|
Pinch Hitting: SHB Tadaaki Kondo
|
0-0: Called Strike 0-1: Ball 1-1: Called Strike 1-2: Ball 2-2: Ball 3-2: Base on Balls
|
|
Batting: RHB Francisco Vargas
|
0-0: Fielders Choice at 2nd, 6-4 (Groundball, 6, EV 78.8 MPH)
|
|
Batting: RHB Jeff McClellan
|
Pickoff Throw to First - Error! E1 Francisco Vargas to second 0-0: Ball 1-0: Ground out 2-3 (Groundball, 13S, EV 69.4 MPH) Francisco Vargas to third
|
|
Batting: RHB Nate Singleton
|
0-0: Called Strike 0-1: Fly out, F8 (Flyball, 8RD, EV 80.6 MPH)
|
| Bottom of the 9th over - 0 runs, 0 hits, 1 error, 1 left on base; Cedar Rapids 2 - Charleston 2 |
| TOP OF THE 10TH |
|
Cedar Rapids Kernels batting - Pitching for Charleston RiverDogs : RHP Greg Ritchie
|
|
Now at 3B: Tadaaki Kondo
|
|
|
Batting: RHB Tim Carter
|
0-0: Ball 1-0: Ball 2-0: Foul Ball, location: 2F 2-1: Called Strike 2-2: Ground out 4-3 (Groundball, 4, EV 83.8 MPH)
|
|
Batting: RHB Kevin Harris
|
0-0: SINGLE (Groundball, 6S, EV 67.5 MPH) (infield hit)
|
|
Batting: RHB Jose Almonte
|
0-0: Ball 1-0: Ball Kevin Harris steals 2nd base 2-0: Ground out 6-3 (Groundball, 6, EV 104.4 MPH)
|
|
Batting: RHB Mike Buchanan
|
0-0: Ball 1-0: Foul Ball, location: 2F 1-1: Ground out 4-3 (Groundball, 4M, EV 106.2 MPH)
|
| Top of the 10th over - 0 runs, 1 hit, 0 errors, 1 left on base; Cedar Rapids 2 - Charleston 2 |
| BOTTOM OF THE 10TH |
|
Charleston RiverDogs batting - Pitching for Cedar Rapids Kernels : RHP Pat Adams
|
|
Pitching: RHP Steven Legge
|
|
|
Batting: LHB Andrew Davis
|
0-0: Foul Ball, location: 2F 0-1: Foul Ball, location: 2F 0-2: Ball 1-2: SINGLE (Line Drive, 78S, EV 97.5 MPH)
|
|
Batting: RHB Mike Zern
|
0-0: Ball 1-0: Called Strike Andrew Davis is caught stealing 2nd base 2-4 1-1: Swinging Strike 1-2: SINGLE (Groundball, 56D, EV 105.0 MPH)
|
|
Batting: LHB Ernesto Abreu
|
0-0: Ball 1-0: Ball 2-0: Fly out, F9 (Flyball, 89S, EV 86.2 MPH)
|
|
Batting: LHB Joe Vida
|
0-0: Ball 1-0: Ground out 1-3 (Groundball, 15S, EV 63.1 MPH)
|
| Bottom of the 10th over - 0 runs, 2 hits, 0 errors, 1 left on base; Cedar Rapids 2 - Charleston 2 |
| TOP OF THE 11TH |
|
Cedar Rapids Kernels batting - Pitching for Charleston RiverDogs : RHP Greg Ritchie
|
|
Pitching: RHP Khayyat bin Faruq
|
|
|
Batting: RHB Nick Phipps
|
0-0: Called Strike 0-1: Ball 1-1: Ground out 6-3 (Groundball, 6, EV 93.8 MPH)
|
|
Batting: RHB Ruben Serrata
|
0-0: SINGLE (Line Drive, 89S, EV 100.0 MPH)
|
|
Batting: RHB Jose Gracia
|
0-0: Ball 1-0: Foul Ball, location: 2F 1-1: Ball 2-1: Swinging Strike 2-2: Strikes out looking
|
|
Pitching: LHP Ferrie Werkhoven
|
|
|
Batting: LHB Tomas Espino
|
0-0: Ball 1-0: Ball 2-0: Called Strike 2-1: Foul Ball, location: 2F 2-2: Ball 3-2: Foul Ball, location: 2F 3-2: Base on Balls Ruben Serrata to second
|
|
Pitching: RHP Michel van Kampen
|
|
|
Batting: SHB Chris Hull
|
0-0: Ball 1-0: Swinging Strike 1-1: Ball 2-1: Foul Ball, location: 2F 2-2: Fly out, F9 (Flyball, 9, EV 93.1 MPH)
|
| Top of the 11th over - 0 runs, 1 hit, 0 errors, 2 left on base; Cedar Rapids 2 - Charleston 2 |
| BOTTOM OF THE 11TH |
|
Charleston RiverDogs batting - Pitching for Cedar Rapids Kernels : RHP Steven Legge
|
|
Batting: LHB Marc Durgin
|
0-0: Called Strike 0-1: Swinging Strike 0-2: SINGLE (Flyball, 7LS, EV 87.5 MPH)
|
|
Batting: SHB Tadaaki Kondo
|
0-0: Foul Ball, location: 2F 0-1: Fly out, F7 (Flyball, 7, EV 89.4 MPH)
|
|
Batting: RHB Francisco Vargas
|
0-0: Called Strike Marc Durgin is caught stealing 2nd base 2-4 0-1: Foul Ball, location: 2F 0-2: DOUBLE (Groundball, 5L, EV 110.6 MPH)
|
|
Batting: RHB Jeff McClellan
|
0-0: Called Strike 0-1: Ball 1-1: Called Strike 1-2: Ball 2-2: Ball 3-2: Fly out, F9 (Line Drive, 9, EV 101.9 MPH)
|
| Bottom of the 11th over - 0 runs, 2 hits, 0 errors, 1 left on base; Cedar Rapids 2 - Charleston 2 |
| TOP OF THE 12TH |
|
Cedar Rapids Kernels batting - Pitching for Charleston RiverDogs : RHP Michel van Kampen
|
|
Batting: RHB Tim Carter
|
0-0: Ball 1-0: Ground out 1-3 (Groundball, 13S, EV 68.1 MPH)
|
|
Batting: RHB Kevin Harris
|
0-0: DOUBLE (Flyball, 8LXD, EV 98.8 MPH)
|
|
Batting: RHB Jose Almonte
|
0-0: Called Strike 0-1: Ball 1-1: Foul Ball, location: 2F 1-2: SINGLE (Groundball, 6M, EV 98.8 MPH) (infield hit) Kevin Harris to third
|
|
Batting: RHB Mike Buchanan
|
0-0: Swinging Strike 0-1: Called Strike 0-2: Ball 1-2: Ball 2-2: Fielders Choice at 2nd, 1-4 (Groundball, 15S, EV 62.5 MPH)
|
|
Batting: RHB Nick Phipps
|
0-0: Ball 1-0: Fielders Choice at 2nd, 6-4 (Groundball, 6, EV 101.2 MPH)
|
| Top of the 12th over - 0 runs, 2 hits, 0 errors, 2 left on base; Cedar Rapids 2 - Charleston 2 |
| BOTTOM OF THE 12TH |
|
Charleston RiverDogs batting - Pitching for Cedar Rapids Kernels : RHP Steven Legge
|
|
Pitching: LHP Josh Armstrong
|
|
|
Batting: RHB Nate Singleton
|
0-0: Ground out 6-3 (Groundball, 56, EV 88.8 MPH)
|
|
Pinch Hitting: RHB Bryan Massey
|
0-0: Called Strike 0-1: Ground out U3 (Groundball, 34, EV 108.8 MPH)
|
|
Batting: RHB Mike Zern
|
0-0: SINGLE (Groundball, 6S, EV 68.8 MPH) (infield hit)
|
|
Batting: LHB Ernesto Abreu
|
0-0: Called Strike 0-1: Ball 1-1: Ball 2-1: Swinging Strike 2-2: Foul Ball, location: 2F 2-2: Ball 3-2: Base on Balls Mike Zern to second
|
|
Pinch Hitting: RHB Francisco Aguayo
|
0-0: Called Strike 0-1: SINGLE (Flyball, 5D, EV 93.1 MPH) Mike Zern to third Ernesto Abreu to second Runner from 3rd tries for Home, SAFE, throw by LF to home
|
| Bottom of the 12th over - 1 run, 2 hits, 0 errors, 2 left on base; Cedar Rapids 2 - Charleston 3 |
|